 Dungeon Crawl Stone Soup version 0.28-a0-1184-g53156a8862 (webtiles) character file.

Game seed: 10593256744857367662

5315 bearlyready the Destroyer (level 10, 0/71 HPs)
             Began as a Purple Draconian Conjurer on Dec 17, 2021.
             Was an Initiate of Gozag.
             Slain by an orc warrior (1 damage)
             ... in a bailey.
             The game lasted 00:19:10 (11279 turns).

bearlyready the Destroyer (DrCj)                   Turns: 11279, Time: 00:19:10

Health: 0/71       AC:  8    Str: 11    XL:     10   Next: 37%
Magic:  10/14      EV: 12    Int: 22    God:    Gozag
Gold:   2242       SH:  0    Dex:  9    Spells: 7/14 levels left

rFire   . . .      SeeInvis +   z - +2 short sword (venom)
rCold   . . .      Faith    .   (no shield)
rNeg    . . .      Spirit   .   (armour unavailable)
rPois   +          Reflect  .   y - +0 hat
rElec   .          Harm     .   (no cloak)
rCorr   .          Rampage  .   C - +0 pair of gloves
Will    +....                   (no boots)
Stlth   ++........              (no amulet)
HPRegen 0.21/turn               l - ring of see invisible
MPRegen 0.14/turn               A - ring of poison resistance

@: no status effects
A: breathe power, AC +7, unfitting armour, cold-blooded
a: Breathe Dispelling Energy, Renounce Religion, Potion Petition, Call Merchant,
Bribe Branch


You were in a bailey.
You worshipped Gozag.
Gozag was most pleased with you.
You visited 2 branches of the dungeon, and saw 12 of its levels.
You also visited: Bailey.

You collected 2296 gold pieces.
You paid 54 gold pieces to Gozag.

Inventory:

Hand Weapons
 e - a +1 dagger
 v - a +0 whip
 z - a +2 short sword of venom (weapon)
Missiles
 s - 17 boomerangs
 E - 12 poisoned darts (quivered)
Armour
 j - a +0 kite shield
 y - a +0 hat (worn)
 C - a +0 pair of gloves (worn)
 F - a +0 pair of boots
Magical Staves
 B - a staff of air
Jewellery
 l - a ring of see invisible (left hand)
 x - a ring of protection from fire
 A - a ring of poison resistance (right hand)
Wands
 r - a wand of flame (33)
 t - a wand of polymorph (12)
 D - a wand of acid (3)
Scrolls
 a - 2 scrolls of enchant weapon
 c - a scroll of fear
 h - 2 scrolls of amnesia
 m - a scroll of teleportation
 p - a scroll of noise
 u - 2 scrolls of blinking
Potions
 b - 2 potions of magic {unknown}
 f - a potion of haste
 g - 2 potions of degeneration
 i - 2 potions of heal wounds
 k - 6 potions of curing
 n - a potion of lignification {unknown}
 o - a potion of ambrosia {unknown}
 q - 4 potions of might
 w - a potion of resistance {unknown}
 G - a potion of mutation {unknown}


   Skills:
 + Level 1.2 Fighting
 - Level 1.7 Dodging
 - Level 1.7 Stealth
 + Level 2.9 Spellcasting
 - Level 11.2 Conjurations
 + Level 10.4 Hexes
 + Level 6.4 Evocations


You had 7 spell levels left.
You knew the following spells:

 Your Spells              Type           Power      Damage    Failure   Level
a - Magic Dart            Conj           100%       1d8       1%          1
b - Searing Ray           Conj           100%       2d8       1%          2
c - Fulminant Prism       Conj/Hex       25%        3d14      1%          4

Your spell library contained the following spells:

 Spells                   Type           Power      Damage    Failure   Level
 Dazzling Flash           Conj/Hex       100%       N/A       1%          3
 Iskenderun's Mystic Bla  Conj/Tloc      27%        2d7       12%         4


Dungeon Overview and Level Annotations

Branches:
Dungeon (11/15)            Temple (1/1) D:5          Bailey (1/1)
   Lair: D:8-11         Orc: D:9-12

Altars:
Ashenzari
Cheibriados
Dithmenos
Elyvilon
Fedhas
Gozag
Hepliaklqana
Kikubaaqudgha
Makhleb
Nemelex Xobeh
Okawaru
Qazlal
Ru
Sif Muna
Trog
Uskayaw
Vehumet
Wu Jian
Xom
Yredelemnul
Zin
The Shining One

Annotations:
D:5 3 runed translucent doors, RancidPinata's ghost, weakling GrDe
D:8 1 transporter, RancidPinata's ghost, weakling GrDe
D:9 1 transporter, MuffinSoup's ghost, novice GrIE
D:10 3 runed translucent doors


Innate Abilities, Weirdness & Mutations

You can breathe bolts of dispelling energy.
Your rich purple scales are hard. (AC +7)
You cannot fit into any form of body armour.
You are cold-blooded and may be slowed by cold attacks.


Message History

The orc warrior shouts!
The goblin hits you with a +0 hand axe.
You hit the goblin.
You kill the goblin!
Things that are here:
5 gold pieces; a +0 hand axe; a +0 leather armour You hit the orc warrior but do no damage.
The orc warrior is poisoned.
The orc warrior is distracted by your dazzling golden aura.
You closely miss the orc warrior.
The orc warrior is no longer distracted by gold.
The orc warrior shouts!
The orc warrior is lightly wounded.
The orc warrior barely misses you.
You closely miss the orc warrior.
The orc warrior is lightly wounded.
The orc warrior closely misses you.
You barely miss the orc warrior.
The orc warrior is moderately wounded.
The orc warrior hits you with a +0 war axe!
* * * LOW HITPOINT WARNING * * *
You closely miss the orc warrior.
The orc warrior is moderately wounded.
The orc warrior hits you with a +0 war axe!
* * * LOW HITPOINT WARNING * * *
You hit the orc warrior but do no damage.
The orc warrior looks as sick as possible!
The orc warrior is moderately wounded.
The orc warrior hits you with a +0 war axe.
* * * LOW HITPOINT WARNING * * *
You hit the orc warrior.
The orc warrior looks as sick as possible!
The orc warrior is heavily wounded.
The orc warrior hits you with a +0 war axe.
* * * LOW HITPOINT WARNING * * *
You hit the orc warrior but do no damage.
The orc warrior is heavily wounded.
The orc warrior hits you with a +0 war axe.
You die...
Your body crumbles into a pile of gold.

.. ♣♣♣♣♣♣ ##... ♣....♣♣
###.#'#
♣.....♣♣###.....###
♣♣......##...$.....##
♣♣..).)..#..@o.......#$$
♣.)...$($$$$.$.......# $
♣♣.)∩)∩$$$$$$$.$.....#$$
♣.).)).($)$$.(.......# $
♣♣....$..#$$$........#$$
♣.......##.........##
♣.......♣###.....###
♣♣♣..♣♣♣♣ ###.#'# ♣♣♣♣
##..


You could see an orc warrior (extremely poisoned).

Vanquished Creatures
  A two-headed ogre (D:9)
  An orc knight (Bailey)
  An ugly thing (D:11)
  A meliai zombie (D:11)
  4 yaks
  A wyvern (D:8)
  A steam dragon (D:8)
  A hornet zombie (D:8)
  10 orc warriors
  3 sky beasts
  A black bear (D:4)
  A centaur (D:7)
  2 ogres
  A necrophage (D:6)
  A kobold brigand (D:10)
  2 bullfrogs
  2 scorpions
  2 water moccasin skeletons
  A howler monkey (D:11)
  2 centaur zombies
  3 hounds
  A jelly (D:4)
  A gnoll shaman (D:7)
  2 centaur skeletons (D:7)
  2 iguanas
  4 orc wizards
  2 howler monkey zombies
  A howler monkey skeleton (D:4)
  13 gnolls
  An adder skeleton (D:4)
  2 worms
  2 dart slugs
  24 orcs
  9 endoplasms
  3 giant cockroaches (D:4)
  19 goblins
  17 hobgoblins
  3 quokkas
  A ball python (D:3)
  14 bats
  2 frilled lizards
  10 kobolds
  5 rats
180 creatures vanquished.

Vanquished Creatures (others)
  35 fulminant prisms
35 creatures vanquished.

Grand Total: 215 creatures vanquished

Notes
Turn   | Place    | Note
-------+----------+-------------------------------------------
     0 | D:1      | bearlyready the Draconian Conjurer began the quest for the
                  | Orb.
     0 | D:1      | Reached XP level 1. HP: 14/14 MP: 3/3
   332 | D:1      | Reached XP level 2. HP: 16/20 MP: 5/5
  1502 | D:2      | Learned a level 2 spell: Searing Ray
  1761 | D:2      | Reached skill level 5 in Conjurations
  1777 | D:2      | Reached XP level 3. HP: 24/26 MP: 6/6
  1859 | D:2      | Found a white marble altar of Elyvilon.
  2325 | D:3      | Found a faded altar of an unknown god.
  3689 | D:4      | Found a sparkling altar of Nemelex Xobeh.
  3790 | D:4      | Reached XP level 4. HP: 33/33 MP: 2/7
  3883 | D:4      | Reached skill level 6 in Conjurations
  4005 | D:4      | Learned a level 4 spell: Fulminant Prism
  4008 | D:4      | Noticed a black bear
  4020 | D:4      | Killed a black bear
  4021 | D:4      | Reached skill level 1 in Hexes
  4021 | D:4      | Reached XP level 5. HP: 30/38 MP: 2/8
  4282 | D:5      | Entered Level 5 of the Dungeon
  4465 | D:5      | Found a runed translucent gate.
  4465 | D:5      | Found a runed translucent gate.
  4465 | D:5      | Found a runed translucent gate.
  4466 | D:5      | Found an opulent altar of Gozag.
  4467 | D:5      | Noticed RancidPinata's ghost (weakling GrDe)
  4469 | D:5      | Noticed a wyvern
  4588 | D:5      | Noticed a sky beast
  4608 | D:5      | Killed a sky beast
  4609 | D:5      | Reached XP level 6. HP: 40/45 MP: 2/9
  4610 | D:5      | Reached skill level 7 in Conjurations
  4726 | D:5      | Found a staircase to the Ecumenical Temple.
  4741 | Temple   | Entered the Ecumenical Temple
  5122 | Temple   | Became a worshipper of Gozag Ym Sagoz the Greedy
  5999 | D:6      | Your scales start taking on a rich purple colour.
  5999 | D:6      | Reached XP level 7. HP: 50/50 MP: 4/10
  6572 | D:6      | Reached skill level 5 in Hexes
  7013 | D:7      | Reached skill level 8 in Conjurations
  7230 | D:7      | Reached XP level 8. HP: 42/57 MP: 8/11
  8372 | D:7      | Reached skill level 9 in Conjurations
  9004 | D:8      | Noticed a slime creature
  9004 | D:8      | Noticed a slime creature
  9166 | D:8      | Found a transporter.
  9194 | D:8      | Noticed RancidPinata's ghost (weakling GrDe)
  9248 | D:8      | Reached skill level 1 in Evocations
  9415 | D:8      | Reached XP level 9. HP: 37/62 MP: 1/12
  9441 | D:8      | Noticed a two-headed ogre
  9450 | D:9      | Noticed a two-headed ogre
  9468 | D:9      | Found a hide-covered altar of Uskayaw.
  9874 | D:9      | Found a transporter.
  9874 | D:9      | Noticed a cyclops
  9877 | D:9      | Noticed a cyclops
  9877 | D:9      | Noticed MuffinSoup's ghost (novice GrIE)
  9877 | D:9      | Noticed a boulder beetle
  9882 | D:9      | Killed a two-headed ogre
  9883 | D:9      | Reached skill level 10 in Conjurations
  9986 | D:9      | You fall into a shaft and drop 2 floors!
 10006 | D:11     | Noticed a purple ugly thing
 10017 | D:11     | Killed a purple ugly thing
 10182 | D:11     | Reached skill level 5 in Evocations
 10238 | D:10     | Entered Level 10 of the Dungeon
 10240 | D:10     | Found a runed translucent gate.
 10267 | D:10     | Found a runed translucent gate.
 10267 | D:10     | Found a runed translucent gate.
 10325 | D:10     | Found a flagged portal.
 10341 | D:10     | Reached XP level 10. HP: 51/69 MP: 10/13
 10344 | Bailey   | Entered a bailey
 10540 | Bailey   | Reached skill level 11 in Conjurations
 10582 | Bailey   | Noticed an orc knight
 10600 | Bailey   | Killed an orc knight
 10601 | Bailey   | Reached skill level 10 in Hexes
 10779 | Bailey   | Acquired 1383 gold pieces
 11231 | Bailey   | Reached skill level 1 in Fighting
 11278 | Bailey   | HP: 1/71 [orc warrior (4)]
 11279 | Bailey   | Slain by an orc warrior

Illustrated notes

Levels and vault maps discovered:
D:1:      psy_arrival_statuary, layout_loops_ring, chequers_serial_rivers_marsh
D:2:      layout_basic, basic_altar, nicolae_figureground_pulse
D:3:      layout_basic, basic_ecumenical_altar
D:4:      layout_basic, nemelex_diamond_rough_becter, minmay_between
D:5:      layout_gridville, minmay_temple_entry_statues_fountains,
          ebering_ghost_gozag
D:6:      layout_loops_ring, roderic_batcave
D:7:      layout_cave_pods, grunt_decor_cap, kennysheep_generic_room_11
D:8:      gammafunk_jiyva_shrine, layout_cave_pools, gammafunk_ghost_stat_death,
          grunt_ministairs_13, nzn_life_drinkers
D:9:      layout_roguey, eat_drink_and_be_merry_uskayaw, lair_entry_dummy,
          gammafunk_ghost_arena, uniq_prince_ribbit1
D:10:     layout_loops_ring, enter_bailey_3, gammafunk_ghost_cemetery,
          corexii_corridor_pit
D:11:     layout_irregular_city, kennysheep_orc_monster_closet_entryway,
          gammafunk_ghost_ooze, feat_on_display, uniq_fannar, uniq_psyche
Temple:   mainiacjoe_temple_cubbyholes
Bailey:   bailey_axe_minmay_hex_keep, bailey

Skill      XL: |  1  2  3  4  5  6  7  8  9 10 |
---------------+-------------------------------+-----
Conjurations   | 5 6 7 8 9 10 11 | 11.2
Hexes          | 1 2 4 6 8 9 10 | 10.4
Evocations     | 1 5 6 |  6.4
Fighting       | 1 |  1.2
Dodging        | |  1.7
Stealth        | |  1.7
Spellcasting   | |  2.9

Action                   |  1- 3 |  4- 6 |  7- 9 | 10-12 || total
-------------------------+-------+-------+-------+-------++-------
Melee: Unarmed           |    25 |       |       |       ||    25
       Tailslap          |    15 |     8 |    19 |    11 ||    53
       Dagger            |   123 |    81 |   169 |       ||   373
       Short sword       |       |       |     9 |   112 ||   121
Throw: Boomerang         |       |       |     4 |       ||     4
       Dart              |       |       |       |    23 ||    23
 Cast: Magic Dart        |    29 |       |       |       ||    29
       Searing Ray       |     9 |     9 |    18 |     4 ||    40
       Fulminant Prism   |       |       |    22 |    13 ||    35
 Abil: Breathe Dispellin |       |       |    14 |     3 ||    17
Evoke: Wand              |       |       |    11 |     5 ||    16
  Use: Scroll            |       |       |     9 |     2 ||    11
       Potion            |       |       |     2 |     1 ||     3
 Stab: Sleeping          |     6 |     2 |     1 |       ||     9
Armor: Skin              |    54 |    39 |   115 |    22 ||   230
Dodge: Dodged            |   140 |    61 |   187 |    63 ||   451

Table legend: (Time is in decaauts)
 A = Elapsed time spent in this place.
 B = Non-inter-level travel time spent in this place.
 C = Inter-level travel time spent in this place.
 D = Time resting spent in this place.
 E = Time spent auto-exploring this place.
 F = Levels seen in this place.
 G = Mean time per level.
                   A        B        C        D        E       F      G
               +--------+--------+--------+--------+--------+-----+--------+
         Total |  11266 |  10821 |    445 |    873 |   8072 |  13 |  866.6 |
       Dungeon |   9897 |   9548 |    349 |    709 |   7363 |  11 |  899.7 |
        Temple |    436 |    340 |     96 |     21 |    316 |   1 |  436.0 |
        Bailey |    931 |    931 |      0 |    142 |    393 |   1 |  931.0 |
               +--------+--------+--------+--------+--------+-----+--------+

Top non-repeatable levels by time:
     D:7: 1761 daAuts
     D:1: 1266 daAuts
     D:6: 1209 daAuts
     D:3: 1053 daAuts
     D:5: 1051 daAuts
     D:2: 1033 daAuts
  Bailey: 931 daAuts
     D:4: 931 daAuts
     D:8: 712 daAuts
     D:9: 519 daAuts
  Temple: 436 daAuts
    D:11: 251 daAuts
    D:10: 106 daAuts
